 Dungeon Crawl Stone Soup version 0.27.1-2-g3b301248ec (webtiles) character file.

Game seed: 1215826437141381708

25469 loralnil the Geomancer (level 12, 0/96 HPs)
             Began as a Grey Draconian Earth Elementalist on Sept 29, 2021.
             Was an Elder of Sif Muna.
             Succumbed to a meliai's poison
             ... on level 14 of the Dungeon.
             The game lasted 00:32:38 (22098 turns).

loralnil the Geomancer (DrEE)                      Turns: 22098, Time: 00:32:39

Health: 0/96       AC: 14    Str: 11    XL:     12   Next: 89%
Magic:  9/21       EV: 18    Int: 23    God:    Sif Muna [****..]
Gold:   857        SH:  0    Dex: 24    Spells: 15/23 levels left

rFire    . . .     SeeInvis +   (no weapon)
rCold    . . .     Faith    .   (no shield)
rNeg     . . .     Spirit   .   (armour unavailable)
rPois    .         Reflect  .   (helmet restricted)
rElec    +         Harm     .   C - scarf {repulsion}
rCorr    .         Rampage  .   J - +0 pair of gloves of Hospitality {rElec Int-2 Dex+5 SInv}
Will     .....                  (no boots)
Stlth    +++.......             g - amulet of the acrobat
HPRegen  0.26/turn              F - +6 ring of intelligence
MPRegen  0.17/turn              y - +6 ring of dexterity

@: lethally poisoned (0 -> -37), repel missiles
A: AC +13, amphibious, unfitting armour, cold-blooded
a: Renounce Religion, Channel Magic, Forget Spell, Divine Exegesis


You were on level 14 of the Dungeon.
You worshipped Sif Muna.
Sif Muna was greatly pleased with you.
You visited 2 branches of the dungeon, and saw 15 of its levels.
You also visited: Ice Cave.

You collected 857 gold pieces.

Inventory:

Missiles
 b - 228 stones
 t - 3 throwing nets
Armour
 C - a scarf of repulsion (worn)
 J - the +0 pair of gloves of Hospitality (worn) {rElec Int-2 Dex+5 SInv}
   (You found it on level 13 of the Dungeon)

   Int:       It affects your intelligence (-2).
   Dex:       It affects your dexterity (+5).
   rElec:     It insulates you from electricity.
   SInv:      It lets you see invisible.
Jewellery
 g - an amulet of the acrobat (around neck)
 j - a ring of positive energy
 y - a +6 ring of dexterity (right hand)
 E - a +4 ring of protection
 F - a +6 ring of intelligence (left hand)
 H - a ring of resist corrosion
 I - a ring of protection from cold
Wands
 p - a wand of mindburst (7)
 q - a wand of flame (45)
 w - a wand of iceblast (32)
Scrolls
 e - 3 scrolls of enchant weapon
 f - 4 scrolls of teleportation
 h - 2 scrolls of magic mapping
 m - 3 scrolls of immolation
 n - 3 scrolls of fear
 r - a scroll of acquirement {unknown}
 u - 2 scrolls of amnesia {unknown}
 A - a scroll of torment {unknown}
 B - a scroll of fog {unknown}
 D - a scroll of enchant armour {unknown}
 G - a scroll of blinking {unknown}
Potions
 a - 5 potions of lignification
 c - 2 potions of attraction
 d - a potion of magic {unknown}
 i - 9 potions of curing
 k - 3 potions of resistance
 l - 2 potions of flight {unknown}
 o - 4 potions of might {unknown}
 s - 2 potions of brilliance {unknown}
 x - a potion of cancellation {unknown}
 z - 2 potions of heal wounds


   Skills:
 - Level 6.0 Fighting
 - Level 7.0 Dodging
 - Level 2.0 Stealth
 - Level 6.0 Spellcasting
 + Level 13.0 Conjurations
 - Level 1.3 Transmutations
 + Level 14.5 Earth Magic
 - Level 6.0 Invocations


You had 15 spell levels left.
You knew the following spells:

 Your Spells              Type           Power      Damage    Failure   Level
a - Sandblast             Erth           100%       2d20      1%          1
b - Stone Arrow           Conj/Erth      100%       3d13      1%          3
c - Petrify               Tmut/Erth      43%        N/A       3%          4

Your spell library contained the following spells:

 Spells                   Type           Power      Damage    Failure   Level
 Magic Dart               Conj           100%       1d8       1%          1
 Passwall                 Tmut/Erth      35%        N/A       1%          2
 Beastly Appendage        Tmut           26%        N/A       4%          1
 Mephitic Cloud           Conj/Pois/Air  26%        N/A       4%          3
 Wereblood                Tmut           13%        N/A       8%          2
 Call Imp                 Summ           6%         N/A       13%         2
 Spider Form              Tmut/Pois      5%         N/A       19%         3
 Tukima's Dance           Hex            6%         N/A       26%         3
 Passage of Golubria      Tloc           N/A        N/A       63%         4
 Yara's Violent Unravell  Hex/Tmut       5%         3d4       87%         5


Dungeon Overview and Level Annotations

Branches:
Dungeon (14/15) Temple (1/1) D:7 Lair (0/6) D:9 Orc (0/2) D:10 Vaults (0/5) D:12 D:13 IceCv (visited)

Altars:
Ashenzari
Dithmenos
Elyvilon
Fedhas
Gozag
Hepliaklqana
Kikubaaqudgha
Makhleb
Nemelex Xobeh
Qazlal
Ru
Sif Muna
Trog
Uskayaw
Vehumet
Wu Jian
Xom
Yredelemnul
Zin
The Shining One

Annotations:
D:4 2 transporters


Innate Abilities, Weirdness & Mutations

Your dull iron-grey scales are very hard. (AC +13)
You are amphibious.
You cannot fit into any form of body armour.
You are cold-blooded and may be slowed by cold attacks.


Message History

Casting: Stone Arrow (safe; 1% risk of failure)
Confirm with . or Enter, or press ? or * to list all spells.
Aiming: Stone Arrow (safe; 1% risk of failure)
Press: ? - help, Shift-Dir - straight line, f/p - meliai
Aim: a meliai, wielding a +0 hand axe and wearing a +1 leather armour of fire resistance (66% to hit)
The stone arrow misses the meliai.
You feel extremely sick.
The meliai mumbles some strange prayers to its god against you.
Something smites you! The meliai closely misses you.
The meliai stings you but does no damage.
The meliai barely misses you. The meliai stings you.
The meliai closely misses you. The meliai stings you.
* * * LOW HITPOINT WARNING * * *
You are more poisoned.
The meliai poisons you!
Casting: Stone Arrow (safe; 1% risk of failure)
Confirm with . or Enter, or press ? or * to list all spells.
Aiming: Stone Arrow (safe; 1% risk of failure)
Press: ? - help, Shift-Dir - straight line, f/p - meliai
Aim: a meliai, wielding a +0 hand axe and wearing a +1 leather armour of fire resistance (66% to hit)
The stone arrow hits the meliai!!
The meliai is almost dead.
* * * LOW HITPOINT WARNING * * *
You feel extremely sick.
The meliai closely misses you. x2; The meliai hits you with a +0 hand axe.
* * * LOW HITPOINT WARNING * * *
The meliai closely misses you. The meliai hits you with a +0 war axe.
* * * LOW HITPOINT WARNING * * *
The meliai stings you but does no damage.
The meliai hits you but does no damage.
The meliai stings you but does no damage.
Casting: Stone Arrow (safe; 1% risk of failure)
Confirm with . or Enter, or press ? or * to list all spells.
Aiming: Stone Arrow (safe; 1% risk of failure)
Press: ? - help, Shift-Dir - straight line, f/p - meliai
Aim: a meliai, wielding a +0 hand axe and wearing a +1 leather armour of fire resistance (almost dead, 66% to hit)
The stone arrow hits the meliai!!
You kill the meliai!
Sif Muna accepts your kill.
You die...

****** *,#********
,,,,,* *,#.,,,,*
,,,,,* *,*#.##,*
,,,,,* *,,,,..y*
****** ******#$###
#...# ** #####.#
,* #...)y# ,*
#.###@# ,*
**#.**### ,*
**,..,,** ,*
**,..(,,,** ,*
*,..≈J≈,,,*
,*******..≈≈≈≈≈,,*
,*,,,,*#..≈≈♣≈≈,,*
,*,,,,**,,≈≈≈≈≈,,*
,,,,,***,,,≈≈≈,,,*


You could see a meliai.

Vanquished Creatures
  A boulder beetle (D:11)
  3 hydras (D:13)
  An ogre mage (D:13)
  A two-headed ogre (D:12)
  4 centaur warriors (D:13)
  Urug (D:11)
  2 cyclopes
  5 ugly things
  A manticore (D:12)
  A gargoyle (D:11)
  An efreet (D:12)
  A kobold demonologist (D:12)
  2 meliai
  2 trolls (D:9)
  3 slime creatures (D:7)
  2 shadows (D:11)
  A wraith (D:11)
  2 wyverns
  A vampire (D:11)
  2 water elementals (D:11)
  15 yaks
  16 humans
  Edmund (D:5)
  4 vampire mosquitoes (D:13)
  2 acid dragons (D:12)
  2 water moccasins
  3 black bears
  2 ice beasts (D:6)
  4 sky beasts
  A hornet zombie (D:8)
  2 orc warriors
  2 ogres
  3 wolves (D:9)
  10 centaurs
  9 kobold brigands
  4 bullfrogs
  A wyvern zombie (D:5)
  4 scorpions
  A gnoll sergeant (D:7)
  A cane toad simulacrum (IceCv)
  A two-headed ogre simulacrum (D:11)
  A water moccasin zombie (D:6)
  A wyvern skeleton (D:7)
  6 killer bees (D:9)
  11 wights
  9 electric eels
  A howler monkey (D:13)
  4 centaur zombies
  7 hounds
  2 jellies (D:7)
  A gnoll shaman (D:9)
  2 orc priests
  A bullfrog skeleton (D:4)
  6 iguanas
  Ijyb (D:5)
  9 orc wizards
  2 polar bear simulacra (IceCv)
  A killer bee zombie (D:8)
  2 troll simulacra (D:11)
  2 wolf simulacra (IceCv)
  A spriggan simulacrum (D:11)
  A hound zombie (D:5)
  2 hound skeletons (D:4)
  Robin (D:3)
  A howler monkey zombie (D:11)
  7 adders
  8 gnolls
  2 white imps
  An adder skeleton (D:4)
  2 worms
  A dart slug (D:2)
  29 orcs
  12 endoplasms
  2 giant cockroaches
  11 goblins
  13 hobgoblins
  9 jackals
  A quokka (D:3)
  6 ball pythons
  5 bats
  5 frilled lizards
  19 kobolds
  8 rats
341 creatures vanquished.

Vanquished Creatures (others)
  5 fungi (D:7)
  81 plants
  8 toadstools (D:7)
94 creatures vanquished.

Grand Total: 435 creatures vanquished

Notes
Turn   | Place    | Note
-------+----------+-------------------------------------------
     0 | D:1      | loralnil the Draconian Earth Elementalist began the quest
                  | for the Orb.
     0 | D:1      | Reached XP level 1. HP: 14/14 MP: 3/3
   738 | D:1      | Reached XP level 2. HP: 20/20 MP: 0/5
  1541 | D:1      | Found a faded altar of an unknown god.
  1693 | D:2      | Reached XP level 3. HP: 26/26 MP: 3/6
  1697 | D:2      | Learned a level 3 spell: Stone Arrow
  2481 | D:3      | Reached skill level 4 in Earth Magic
  2657 | D:3      | Reached XP level 4. HP: 33/33 MP: 5/8
  2865 | D:3      | Noticed Robin
  2998 | D:3      | Killed Robin
  3069 | D:3      | Reached skill level 1 in Conjurations
  3250 | D:3      | Noticed a scorpion
  3259 | D:3      | Killed a scorpion
  3260 | D:3      | Reached XP level 5. HP: 29/38 MP: 0/9
  4043 | D:4      | Found a transporter.
  4203 | D:4      | Found a transporter.
  4229 | D:4      | Reached XP level 6. HP: 42/45 MP: 0/11
  4994 | D:5      | Entered Level 5 of the Dungeon
  5177 | D:5      | Reached skill level 5 in Earth Magic
  5278 | D:5      | Noticed Ijyb
  5282 | D:5      | Killed Ijyb
  5453 | D:5      | Your scales start taking on a dull iron-grey colour.
  5453 | D:5      | Reached skill level 6 in Earth Magic
  5453 | D:5      | Reached XP level 7. HP: 37/50 MP: 0/12
  6056 | D:5      | Reached skill level 5 in Conjurations
  6415 | D:5      | Found a glowing golden altar of the Shining One.
  6453 | D:5      | Reached skill level 7 in Earth Magic
  6543 | D:5      | Reached XP level 8. HP: 57/57 MP: 7/15
  6708 | D:6      | Noticed Edmund
  6749 | D:5      | Killed Edmund
  6941 | D:6      | Reached skill level 5 in Spellcasting
  7416 | D:6      | Reached skill level 8 in Earth Magic
  8021 | D:6      | Reached XP level 9. HP: 49/62 MP: 0/17
  8026 | D:6      | Learned a level 4 spell: Petrify
  8194 | D:6      | Reached skill level 1 in Fighting
  8521 | D:7      | Found a staircase to the Ecumenical Temple.
  8530 | Temple   | Entered the Ecumenical Temple
  8538 | Temple   | Became a worshipper of Sif Muna the Loreminder
  9615 | D:7      | Reached skill level 5 in Fighting
  9634 | D:7      | Reached * piety under Sif Muna
  9635 | D:7      | Reached skill level 5 in Dodging
 10110 | D:7      | Reached XP level 10. HP: 83/83 MP: 12/19
 11472 | D:8      | Found a burning altar of Makhleb.
 11481 | D:8      | Found an ancient bone altar of Kikubaaqudgha.
 11892 | D:9      | Found a shadowy altar of Dithmenos.
 11900 | D:9      | Reached skill level 1 in Invocations
 12051 | D:9      | Found a glowing silver altar of Zin.
 12162 | D:9      | Found a staircase to the Lair.
 12878 | D:9      | Reached ** piety under Sif Muna
 13180 | D:9      | Reached skill level 9 in Earth Magic
 13423 | D:10     | Entered Level 10 of the Dungeon
 13550 | D:10     | Found a sparkling altar of Nemelex Xobeh.
 13763 | D:10     | Found a staircase to the Orcish Mines.
 14115 | D:10     | Reached XP level 11. HP: 83/89 MP: 2/20
 14665 | D:11     | Found a frozen archway.
 14680 | D:11     | Reached skill level 5 in Invocations
 14687 | IceCv    | Entered an ice cave
 14834 | IceCv    | Noticed a white ugly thing
 14840 | IceCv    | Killed a white ugly thing
 14842 | IceCv    | Reached skill level 10 in Earth Magic
 15896 | D:11     | Found a burning altar of Makhleb.
 15917 | D:11     | Reached *** piety under Sif Muna
 16144 | D:11     | Noticed Urug
 16154 | D:11     | Killed Urug
 16736 | D:11     | Noticed a boulder beetle
 16878 | D:11     | Killed a boulder beetle
 16879 | D:11     | Reached skill level 10 in Conjurations
 17500 | D:12     | Reached skill level 11 in Earth Magic
 17729 | D:12     | Noticed a green ugly thing
 18000 | D:12     | Killed a green ugly thing
 18070 | D:12     | Noticed a purple ugly thing
 18112 | D:11     | Killed a purple ugly thing
 18263 | D:11     | Reached skill level 12 in Earth Magic
 18627 | D:12     | Noticed a brown ugly thing
 18634 | D:12     | Killed a brown ugly thing
 18635 | D:12     | Reached XP level 12. HP: 85/96 MP: 0/21
 18990 | D:13     | Noticed a centaur warrior
 18993 | D:13     | Killed a centaur warrior
 19186 | D:13     | Noticed a five-headed hydra
 19313 | D:13     | Killed a five-headed hydra
 19474 | D:13     | Found a gate to the Vaults.
 19474 | D:13     | Noticed a seven-headed hydra
 19485 | D:13     | Killed a seven-headed hydra
 19562 | D:13     | Noticed a centaur warrior
 19568 | D:13     | Killed a centaur warrior
 19569 | D:13     | Reached skill level 13 in Earth Magic
 19704 | D:13     | Noticed an ogre mage
 20006 | D:13     | Noticed a two-headed ogre
 20180 | D:12     | Killed a two-headed ogre
 20570 | D:13     | Reached **** piety under Sif Muna
 20995 | D:13     | Noticed a centaur warrior
 21009 | D:13     | Killed a centaur warrior
 21010 | D:13     | Reached skill level 14 in Earth Magic
 21318 | D:13     | Identified the +0 pair of gloves of Hospitality {rElec
                  | Int-2 Dex+5 SInv}
 21339 | D:13     | Noticed a four-headed hydra
 21495 | D:13     | Killed a four-headed hydra
 21583 | D:13     | Noticed a centaur warrior
 21591 | D:13     | Killed a centaur warrior
 21819 | D:13     | Found a shimmering altar of Xom.
 21822 | D:13     | Found an opulent altar of Gozag.
 21822 | D:13     | Found an ornate altar of the Wu Jian Council.
 21824 | D:13     | Found a broken altar of Ashenzari.
 21824 | D:13     | Found a shadowy altar of Dithmenos.
 21824 | D:13     | Found a shimmering altar of Xom.
 21849 | D:13     | Killed an ogre mage
 22098 | D:14     | Succumbed to a meliai's poison

Illustrated notes

Levels and vault maps discovered:
D:1:      heliophobic_arrival_enchanted_forest, layout_rooms,
          basic_ecumenical_altar, minmay_pentomino_q4
D:2:      layout_loops_ring, serial_bayou_lagoon_b
D:3:      layout_loops_ring, uniq_robin
D:4:      gammafunk_steamed_eel, layout_cave_pods
D:5:      layout_basic, lemuel_doored_altar, kennysheep_boxes, uniq_ijyb
D:6:      layout_cave_pools, uniq_edmund
D:7:      cheibrodos_fertilizer, layout_loops_ring,
          minmay_temple_entry_sparse_star
D:8:      layout_loops_ring, mainiacjoe_overflow_swirl
D:9:      layout_grid_maze, jmf_multi_god_temple, erik_lair_island
D:10:     layout_small_grid, nemelex_spade_bored_becter, david_orc_2,
          roderic_roman_lattice
D:11:     layout_basic, enter_bailey_2, portal_ice_cave_entry_ice_simulacra,
          bloody_makhleb, uniq_urug
D:12:     layout_basic
D:13:     layout_loops_cross, david_vaults_3, doesnt_xom_only_xom
D:14:     layout_basic, elyvilon_altar_3, gauntlet_entry_generic
Temple:   nicolae_temple_x_marks_the_god

Skill      XL: |  1  2  3  4  5  6  7  8  9 10 11 12 |
---------------+-------------------------------------+-----
Stealth        | 2 |  2.0
Dodging        | 2 5 7 |  7.0
Earth Magic    | 4 6 7 8 9 12 14 | 14.5
Conjurations   | 1 2 4 5 7 8 9 11 13 | 13.0
Spellcasting   | 3 4 5 6 |  6.0
Fighting       | 6 |  6.0
Invocations    | 4 6 |  6.0
Transmutations | |  1.3

Action                   |  1- 3 |  4- 6 |  7- 9 | 10-12 || total
-------------------------+-------+-------+-------+-------++-------
Melee: Unarmed           |   128 |    48 |    22 |   139 ||   337
       Tailslap          |     6 |     5 |       |    17 ||    28
 Cast: Sandblast         |    41 |    53 |    55 |   145 ||   294
       Stone Arrow       |       |    32 |   118 |   316 ||   466
       Petrify           |       |       |       |     3 ||     3
  Use: Scroll            |     1 |     2 |     3 |     7 ||    13
       Potion            |       |       |     1 |       ||     1
 Stab: Sleeping          |     1 |     1 |       |       ||     2
Armor: Skin              |    37 |    20 |    43 |   178 ||   278
Dodge: Dodged            |   100 |    69 |    62 |   502 ||   733
       Repelled          |       |       |       |     6 ||     6
